Description

standard

Replay - INnoVation v uThermal: Game 1 - Cactus Valley LE (Void)

Build Order

Get SALT Encoding   

  14  0:17  Supply Depot  
  14  0:28  Refinery  
  16  0:44  Barracks  
  19  1:30  Orbital Command  
  19  1:31  Reaper  
  20  1:42  Command Center  
  20  1:53  Factory  
  21  2:05  Barracks Reactor  
  22  2:13  Supply Depot  
  22  2:14  Refinery  
  24  2:40  Cyclone  
  24  2:41  Marine x2  
  29  2:58  Marine x2  
  29  3:00  Starport  
  32  3:05  Orbital Command  
  31  3:14  Factory Tech Lab  
  30  3:22  Marine x2  
  35  3:42  Marine x2, Raven  
  35  3:46  Factory Tech Lab  
  40  3:50  Supply Depot  
  41  3:59  Marine x2  
  41  4:00  Refinery  
  46  4:11  Siege Tank  
  49  4:26  Supply Depot  
  53  4:43  Raven  
  54  4:52  Supply Depot  
  58  5:02  Command Center  
  60  5:13  Siege Tank  
  60  5:14  Refinery  
  65  5:34  Stimpack  
  67  5:38  Viking x2  
  73  5:46  Siege Tank  
  76  5:50  Barracks x2  
  79  5:57  Engineering Bay x2  
  82  6:11  Viking x2  
  76  6:27  Siege Tank  
  63  6:35  Orbital Command  
  63  6:46  Barracks Reactor x2  
  64  6:53  Terran Infantry Armor Level 1, Terran Infantry Weapons Level 1  
  65  7:01  Siege Tank  
  74  7:18  Orbital Command  
  74  7:19  Barracks x2  
  81  7:33  Siege Tank  
  81  7:34  Combat Shields  
  61  8:12  Siege Tank  
  67  8:38  Barracks Reactor x2  
  68  8:44  Siege Tank  
  80  9:01  Medivac x2  
  88  9:11  Sensor Tower  
  88  9:16  Siege Tank  
  104  9:32  Missile Turret  
  104  9:33  Medivac x2  
  108  9:40  Refinery x2  
  109  9:45  Armory  
  109  9:50  Siege Tank  
Spawning Tool Build Advisor. Get it on Overwolf

Go to:

Details

  • Created by: Nelsquik
  • Published on: May 06, 2017
  • Modified on: May 07, 2017
  • Patch: 3.8.0
Show
View Real Time Build Order
Export as new Build Order

Comments (0)

There are no comments. Be the first!

Create an account to comment!